 Dungeon Crawl Stone Soup version 0.31-a0-180-g519b7de00c (webtiles) character file.

Game seed: 5569039649216760200

9249 holysushi the Basher (level 11, -14/64 HPs)
             Began as a Gargoyle Gladiator on June 20, 2023.
             Was an Initiate of Gozag.
             Demolished by a komodo dragon (21 damage)
             ... on level 10 of the Dungeon.
             The game lasted 00:19:09 (11215 turns).

holysushi the Basher (Gargoyle Gladiator)          Turns: 11215, Time: 00:19:09

Health: -14/64     AC: 33    Str: 19    XL:     11   Next: 43%
Magic:  11/11      EV: 18    Int:  8    God:    Gozag
Gold:   338        SH:  0    Dex: 15    Spells: 10/10 levels left

rFire   . . .        K - +1 eveningstar (protect)
rCold   . . .        (no shield)
rNeg    + . .        L - +0 plate armour
rPois   ∞            c - +2 helmet
rElec   +            (no cloak)
rCorr   .            q - +2 pair of gloves
SInv    .            (no boots)
Will    .....        O - amulet of regeneration Stlth
                     G - +5 ring of evasion
HPRegen 1.10/turn    N - +5 ring of evasion
MPRegen 0.12/turn

%: no passive effects
@: under a protective aura
A: sickness immunity, AC +8, negative energy resistance 1, electricity
resistance, torment resistance 1, petrification resistance
a: Renounce Religion, Potion Petition, Call Merchant, Bribe Branch


You were on level 10 of the Dungeon.
You worshipped Gozag.
Gozag was aware of your devotion.
You visited 2 branches of the dungeon, and saw 11 of its levels.
You also visited: Bailey.

You collected 1825 gold pieces.
You spent 1326 gold pieces at shops.
You paid 161 gold pieces to Gozag.

Inventory:

Hand Weapons
 o - a +0 whip of flaming
 y - a +0 dagger of electrocution
 A - a +2 flail of protection
 K - a +1 eveningstar of protection (weapon)
Missiles
 d - 3 throwing nets
 e - 7 javelins (quivered)
 j - 12 atropa-tipped darts
 v - 32 poisoned darts
 E - 21 boomerangs
Armour
 b - a +0 chain mail
 c - a +2 helmet (worn)
 q - a +2 pair of gloves (worn)
 t - a +0 ring mail
 B - a +0 scale mail of fire resistance
 L - a +0 plate armour (worn)
Jewellery
 p - a ring of resist corrosion
 x - a +4 ring of protection
 D - a ring of protection from fire
 F - a ring of wizardry
 G - a +5 ring of evasion (left hand)
 N - a +5 ring of evasion (right hand)
 O - an amulet of regeneration (around neck)
Wands
 s - a wand of acid (2)
 w - a wand of roots (9)
 C - a wand of paralysis (9)
 H - a wand of mindburst (15)
Scrolls
 k - 2 scrolls of poison
 l - 5 scrolls of teleportation
 n - 2 scrolls of enchant armour
Potions
 a - 3 potions of haste
 f - 5 potions of enlightenment
 g - 3 potions of curing
 h - a potion of mutation
 i - a potion of invisibility
 m - a potion of heal wounds
 r - a potion of cancellation
 u - a potion of berserk rage
 z - 2 potions of brilliance
 I - a potion of degeneration {unknown}
 J - a potion of might {unknown}
 M - a potion of ambrosia {unknown}


   Skills:
 + Level 5.5 Fighting
 + Level 14.2 Maces & Flails
 - Level 1.7 Throwing
 - Level 4.0 Armour
 + Level 7.7 Dodging
 - Level 1.0 Evocations


You had 10 spell levels left.
You didn't know any spells.
Your spell library contained the following spells:

 Spells                   Type           Power      Damage    Failure   Level
 Beastly Appendage        Tmut           0%         N/A       100%        1
 Ensorcelled Hibernation  Hex/Ice        0%         N/A       100%        2
 Lesser Beckoning         Tloc           0%         N/A       100%        2
 Wereblood                Tmut           0%         N/A       100%        2
 Frozen Ramparts          Ice            0%         1d1       100%        3
 Gell's Gravitas          Tloc           0%         N/A       100%        3
 Inner Flame              Hex/Fire       0%         N/A       100%        3
 Spider Form              Tmut/Pois      0%         N/A       100%        3
 Teleport Other           Tloc           0%         N/A       100%        3
 Vhi's Electric Charge    Tloc/Air       0%         N/A       100%        3
 Anguish                  Hex/Necr       0%         N/A       100%        4
 Flame Wave               Conj/Fire      0%         2d4       100%        4
 Ice Form                 Ice/Tmut       0%         N/A       100%        4
 Sticky Flame             Conj/Fire      0%         2d3       100%        4
 Summon Ice Beast         Ice/Summ       0%         N/A       100%        4
 Arcjolt                  Conj/Air       0%         1d10      100%        5
 Plasma Beam              Fire/Air       0%         2x1d10    100%        6
 Haunt                    Necr/Summ      0%         N/A       100%        7
 Animate Dead             Necr           Unusable   N/A       N/A         4

Dungeon Overview and Level Annotations

Branches:
Dungeon (10/15) Zot: 25687  Temple (1/1) D:7 Zot: 5915  Bailey (visited)
   Lair: D:8-11         Orc: D:9-12

Altars:
Ashenzari
Cheibriados
Dithmenos
Elyvilon
Fedhas
Gozag
Hepliaklqana
Kikubaaqudgha
Makhleb
Nemelex Xobeh
Okawaru
Qazlal
Ru
Sif Muna
Trog
Uskayaw
Vehumet
Wu Jian
Xom
Yredelemnul
Zin
The Shining One

Shops:
D:4 =

Annotations:
D:1 exclusion: 2 downstairs
D:3 1 transporter
D:5 2 transporters, Moral's ghost, novice DrFE


Innate Abilities, Weirdness & Mutations

You are immune to sickness and miasma.
Your stone body is resilient. (AC +8)
You are immune to poison.
You resist negative energy. (rN+)
You are resistant to electric shocks. (rElec)
You are resistant to unholy torment.
You are immune to petrification.


Message History

There is an open door here.
There is a stone staircase leading down here.
You climb downwards.
There is a stone staircase leading up here.
(D) Dungeon (T) Temple
Where to? (Enter - D:9, ? - help)
There is a stone staircase leading down here.
You climb downwards.
There is a stone staircase leading up here.
There is an open door, spattered with blood here.
Items here: ))) [.
You now have 321 gold pieces (gained 14).
There is an open door, spattered with blood here.
Items here: ))) [.
Found a stone staircase leading down.
You now have 338 gold pieces (gained 17).
A komodo dragon comes into view.
The komodo dragon hisses angrily.
A komodo dragon is nearby!
A komodo dragon is nearby!
A komodo dragon is nearby!
A komodo dragon is nearby!
You closely miss the komodo dragon. The komodo dragon bites you!
You closely miss the komodo dragon. The komodo dragon bites you!
You puncture the komodo dragon!
Your weapon exudes an aura of protection.
The komodo dragon is moderately wounded.
You barely miss the komodo dragon.
The komodo dragon is moderately wounded.
The komodo dragon bites you!
You puncture the komodo dragon!
The komodo dragon is severely wounded.
The komodo dragon bites you!!
* * * LOW HITPOINT WARNING * * *
You are too injured to fight recklessly!
You barely miss the komodo dragon.
The komodo dragon is severely wounded.
The komodo dragon bites you!!
You die...
Your body crumbles into a pile of gold.

#.##..##.# #.....# #..#
#.##..##.###.# #.#########..#
#.##.........###............#####
#.###.##.####.....#########.))...
#........# #.##.## ######.
#####.#### #.##.# #. #.# #.##.#
#. #####.# #.##.# #. ......#
#.##@# #. ######## #.##.l..# #.
### #.. .>...##.# #. ..## #.#
#### .# #. ...# #.# .# #. #..#
#.# .# #. ...###.# # #. ..##.#.##
#. .##.....#### $ $ #.


You could see a komodo dragon.

Vanquished Creatures
  A two-headed ogre (D:10)
  An elephant (D:10)
  An unseen horror (D:10)
  2 trolls (D:10)
  A hornet (D:7)
  Sigmund (D:2)
  A shadow (D:9)
  2 wyverns (D:10)
  2 wraiths
  7 yaks (D:10)
  A vampire mosquito (D:10)
  3 steam dragons
  An acid dragon (D:9)
  3 water moccasins
  7 orc warriors
  A sky beast (D:7)
  5 black bears
  An ogre (D:5)
  A phantom (D:4)
  8 centaurs
  2 kobold brigands
  5 bullfrogs
  A gnoll sergeant (D:6)
  3 scorpions
  15 killer bees
  5 howler monkeys
  5 hounds
  6 jellies
  3 orc priests
  A gnoll bouda (D:10)
  6 iguanas
  A sleepcap (D:4)
  Ijyb (D:4)
  2 orc wizards
  A hound skeleton (D:4)
  9 gnolls
  5 adders
  2 white imps
  2 adder zombies (D:4)
  2 adder skeletons (D:4)
  A worm (D:5)
  3 dart slugs
  26 orcs
  6 ball pythons
  6 endoplasms
  4 giant cockroaches (D:1)
  16 goblins
  7 hobgoblins
  4 jackals
  A quokka (D:4)
  8 bats
  3 frilled lizards
  32 kobolds
  A quokka zombie (D:4)
  3 rats
248 creatures vanquished.

Vanquished Creatures (others)
  A kobold brigand (D:10)
  A goblin (D:4)
2 creatures vanquished.

Grand Total: 250 creatures vanquished

Notes
Turn   | Place    | Note
-------+----------+-------------------------------------------
     0 | D:1      | holysushi the Gargoyle Gladiator began the quest for the
                  | Orb.
     0 | D:1      | Reached XP level 1. HP: 12/12 MP: 1/1
    83 | D:1      | Reached XP level 2. HP: 17/17 MP: 2/2
   189 | D:1      | Reached skill level 4 in Maces & Flails
   203 | D:1      | Reached XP level 3. HP: 21/21 MP: 3/3
   894 | D:2      | Noticed Sigmund
  1394 | D:1      | Reached XP level 4. HP: 24/26 MP: 4/4
  1533 | D:2      | Killed Sigmund
  1534 | D:2      | Reached skill level 6 in Maces & Flails
  1534 | D:2      | Reached XP level 5. HP: 27/30 MP: 5/5
  1534 | D:2      | Reached XP level 6. HP: 31/35 MP: 6/6
  1634 | D:2      | Got Sif Muna's Catalogue of Undead Fumes
  2278 | D:3      | Found a transporter.
  2725 | D:4      | Reached skill level 7 in Maces & Flails
  2870 | D:4      | Found Zeeth's Jewellery Shoppe.
  3024 | D:4      | Noticed Ijyb
  3076 | D:3      | Reached XP level 7. HP: 34/40 MP: 7/7
  3434 | D:4      | Found Zeeth's Jewellery Shoppe.
  3527 | D:4      | Killed Ijyb
  3619 | D:5      | Entered Level 5 of the Dungeon
  3619 | D:5      | Noticed Moral's ghost (novice DrFE)
  3619 | D:5      | Found a transporter.
  3619 | D:5      | Found a transporter.
  3719 | D:5      | Reached skill level 1 in Evocations
  3759 | D:5      | Reached skill level 8 in Maces & Flails
  3921 | D:5      | Noticed a +0 hand axe
  3921 | D:5      | Noticed a +0 dagger
  4179 | D:5      | Reached XP level 8. HP: 45/45 MP: 8/8
  4210 | D:5      | Found a hide-covered altar of Uskayaw.
  4264 | D:5      | Reached skill level 1 in Armour
  4670 | D:5      | Found a radiant altar of Vehumet.
  4723 | D:5      | Found a snail-covered altar of Cheibriados.
  5026 | D:6      | Reached skill level 9 in Maces & Flails
  5119 | D:6      | Found a sacrificial altar of Ru.
  5181 | D:6      | Reached skill level 10 in Maces & Flails
  5190 | D:6      | Reached XP level 9. HP: 41/52 MP: 9/9
  6066 | D:6      | Reached skill level 11 in Maces & Flails
  6298 | D:7      | Identified the staff of Ashenzari {rC+ MP-9 Int+3 Earth}
  6351 | D:7      | Found a broken altar of Ashenzari.
  6454 | D:7      | Found a blossoming altar of Fedhas.
  6462 | D:7      | Noticed a hornet
  6480 | D:7      | Killed a hornet
  6481 | D:7      | Reached skill level 5 in Dodging
  6959 | D:7      | Found a staircase to the Ecumenical Temple.
  7075 | Temple   | Entered the Ecumenical Temple
  7146 | Temple   | Became a worshipper of Gozag Ym Sagoz the Greedy
  7398 | D:7      | Reached XP level 10. HP: 40/56 MP: 10/10
  7493 | D:7      | Reached skill level 12 in Maces & Flails
  8538 | D:9      | Found a glowing silver altar of Zin.
  8660 | D:4      | Bought a +5 ring of evasion for 468 gold pieces
  8868 | D:9      | Reached skill level 13 in Maces & Flails
  9029 | D:9      | Found a sparkling altar of Nemelex Xobeh.
  9208 | D:9      | Found a hazy altar of Hepliaklqana.
  9280 | D:10     | Entered Level 10 of the Dungeon
  9473 | D:10     | Noticed a two-headed ogre
  9498 | D:10     | Killed a two-headed ogre
  9611 | D:10     | Reached XP level 11. HP: 31/61 MP: 11/11
  9618 | D:10     | Reached skill level 14 in Maces & Flails
  9894 | D:10     | Found a flagged portal.
  9906 | Bailey   | Entered a bailey
 10648 | D:10     | Reached skill level 5 in Fighting
 11033 | D:4      | Bought a +5 ring of evasion for 468 gold pieces
 11033 | D:4      | Bought an amulet of regeneration for 390 gold pieces
 11215 | D:10     | Demolished by a komodo dragon

Illustrated notes

Levels and vault maps discovered:
D:1:      minmay_arrival_checkered_box, layout_basic
D:2:      layout_basic, uniq_sigmund
D:3:      layout_basic, gammafunk_ghost_abyssal_escape
D:4:      kennysheep_the_goblin_king, layout_loops_ring, serial_shops, shop,
          serial_undead, serial_undead_f, serial_undead_d, serial_undead_a,
          serial_undead_e
D:5:      layout_rooms, cheibrodos_worm_habitat, dancing_weapons_uskayaw,
          vehumet_crystals, gammafunk_ghost_smash
D:6:      layout_loops_ring, nicolae_ru_awakened_eye
D:7:      layout_loops_ring, mainiacjoe_overflow_24_doors, marbit_many_paths,
          minmay_temple_entry_nine_rooms
D:8:      layout_gridville
D:9:      layout_cross, zin_academy, nzn_hepliaklqana_mist_gate,
          nemelex_diamond_rough_becter
D:10:     minmay_octagon_keep, layout_loops_ring, david_lair_generic,
          enter_bailey_4
Temple:   cyrus_circular_temple

Skill      XL: |  1  2  3  4  5  6  7  8  9 10 11 |
---------------+----------------------------------+-----
Maces & Flails | 4 6 7 8 10 11 13 14 | 14.2
Dodging        | 3 4 5 7 |  7.7
Evocations     | 1 |  1.0
Armour         | 2 4 |  4.0
Fighting       | 4 5 |  5.5
Throwing       | |  1.7

Action                     |  1- 3 |  4- 6 |  7- 9 | 10-12 || total
---------------------------+-------+-------+-------+-------++-------
  Melee: Flail             |    92 |   135 |   413 |   354 ||   994
         Punch             |       |     2 |     7 |     6 ||    15
         Eveningstar       |       |       |       |    82 ||    82
  Throw: Dart              |       |     6 |     9 |       ||    15
         Javelin           |       |       |       |     5 ||     5
  Evoke: Wand              |       |       |     1 |     8 ||     9
    Use: Scroll            |       |       |    14 |     6 ||    20
         Potion            |       |       |     1 |     2 ||     3
   Stab: Sleeping          |       |     1 |       |       ||     1
         Invisible         |       |       |     1 |       ||     1
         Paralysed         |       |       |       |     7 ||     7
         Distracted        |       |       |       |     2 ||     2
 Armour: Leather armour    |    50 |    21 |       |       ||    71
         Ring mail         |       |    57 |    63 |       ||   120
         Chain mail        |       |       |   303 |   232 ||   535
         Plate armour      |       |       |       |    55 ||    55
  Dodge: Dodged            |    91 |   107 |   249 |   312 ||   759

Table legend: (Time is in decaauts)
 A = Elapsed time spent in this place.
 B = Non-inter-level travel time spent in this place.
 C = Inter-level travel time spent in this place.
 D = Time resting spent in this place.
 E = Time spent auto-exploring this place.
 F = Levels seen in this place.
 G = Mean time per level.
                   A        B        C        D        E       F      G
               +--------+--------+--------+--------+--------+-----+--------+
         Total |  11157 |   9753 |   1404 |   1082 |   5450 |  12 |  929.8 |
       Dungeon |  10487 |   9117 |   1370 |   1071 |   5210 |  10 | 1048.7 |
        Temple |     84 |     51 |     33 |      0 |     42 |   1 |   84.0 |
        Bailey |    585 |    585 |      0 |     11 |    197 |   1 |  585.0 |
               +--------+--------+--------+--------+--------+-----+--------+

Top non-repeatable levels by time:
     D:7: 1366 daAuts
     D:4: 1221 daAuts
     D:6: 1216 daAuts
     D:5: 1168 daAuts
     D:8: 1083 daAuts
    D:10: 1081 daAuts
     D:1: 1039 daAuts
     D:2: 921 daAuts
     D:3: 837 daAuts
  Bailey: 585 daAuts
     D:9: 549 daAuts
  Temple: 84 daAuts
